AoeStats
← daniloangst

Coastal Forest

510529333Analyzed
2v2 RM · 1d ago on Oct 1, 2026· 12m 12s· 4 players
Game mode
Random Map
Map size
Medium (4 player)
Population
200
Speed
Normal
Resources
Standard
Victory
Conquest
Starting age
Dark Age
Ending age
Imperial Age
RankedLock teamsTeams togetherTeam positionsShared explorationLock speedFull tech treeHidden civsTurbo modeCheats
Victory
Defeat
🇨🇭 Ethiopians · Switzerland
1175
+19
🇨🇭 Franks · Switzerland
1160
+19
🇰🇷 Bulgarians · South Korea
1252
-20
🇩🇪 Huns · Germany
1216
-18
Han.
7:40 Loom
9:58 Feudal Age
Goembal
0:34 Loom
9:45 Feudal Age
10:59 Scale Mail Armor
11:01 Double-Bit Axe
11:38 Horse Collar
Samen_Spender77
9:00 Loom
10:57 Feudal Age
daniloangst
3:10 Loom
11:26 Feudal Age
Connection lost

Rejoining the realm…

Still unreachable

The connection could not be restored.

Session expired

The server has moved on; the page needs a fresh start.